Map: Thunderbird LE

Players

Mez

  • Race: Terran Terran
  • League: Master
  • Spawn Location: 11:00

IIIIIIIIIIII - Winner!

  • Race: Protoss Protoss
  • League: Master
  • Spawn Location: 5:00

VOD

Have the link to the VOD?

Description

Time

  • Played on: Aug. 13, 2019, 2:44 p.m.
  • Length: 11:32
Show
View Real Time Build Order
Export as new Build Order

Mez Terran 

Build Orders: Reaper Expand 

Get SALT Encoding   

  12  0:00  SCV  
  13  0:12  SCV  
  14  0:17  Supply Depot  
  14  0:25  SCV  
  15  0:38  SCV  
  15  0:40  Barracks  
  16  0:45  Refinery  
  16  0:50  SCV  
  17  1:02  SCV  
  18  1:14  SCV  
  19  1:28  Reaper, Orbital Command  
  20  1:40  Command Center  
  20  1:57  SCV  
  21  2:01  Barracks Reactor  
  21  2:02  Bunker  
  21  2:08  Supply Depot  
  21  2:09  SCV  
  22  2:22  SCV  
  23  2:34  SCV  
  24  2:38  Marine x2  
  26  2:46  Factory, SCV  
  27  2:51  Command Center  
  27  2:58  SCV, Orbital Command  
  28  3:03  Marine x2  
  30  3:10  SCV  
  30  3:11  Refinery  
  31  3:21  Marine x2  
  33  3:30  SCV  
  33  3:31  SCV  
  33  3:33  Widow Mine  
  37  3:35  Starport  
  37  3:40  Marine x2  
  39  3:42  SCV  
  39  3:46  SCV  
  41  3:54  SCV  
  41  3:55  Widow Mine  
  44  3:58  SCV, Marine  
  46  4:03  Marine  
  46  4:05  Orbital Command  
  46  4:07  SCV  
  48  4:11  SCV  
  48  4:14  Refinery, Starport Tech Lab  
  48  4:16  Bunker  
  49  4:19  SCV  
  49  4:21  Marine x2, Supply Depot  
  49  4:23  SCV  
  53  4:26  Factory Tech Lab  
  53  4:30  SCV  
  53  4:31  SCV  
  55  4:35  Raven  
  55  4:36  SCV  
  58  4:39  Barracks  
  58  4:40  Barracks  
  58  4:42  Orbital Command  
  58  4:46  Supply Depot  
  58  4:48  SCV x2  
  60  4:54  Marine x2  
  60  4:55  Siege Tank  
  65  5:00  SCV x2  
  65  5:02  Supply Depot  
  65  5:03  Refinery  
  67  5:09  Engineering Bay  
  67  5:10  SCV  
  67  5:12  Engineering Bay, SCV  
  69  5:16  Marine x2  
  69  5:21  SCV  
  72  5:25  Supply Depot  
  72  5:26  Supply Depot  
  72  5:27  Siege Tank, Starport Reactor  
  75  5:30  Barracks Tech Lab  
  77  5:35  SCV x2  
  77  5:36  SCV  
  78  5:42  Marine  
  78  5:43  Marine  
  80  5:53  Barracks  
  80  5:54  Stimpack  
  80  5:55  SCV x3  
  80  5:56  Barracks  
  83  6:00  Bunker  
  83  6:01  Terran Infantry Armor Level 1, Terran Infantry Weapons Level 1  
  83  6:02  Combat Shield  
  83  6:07  SCV  
  84  6:12  SCV x2  
  84  6:14  Bunker  
  84  6:15  Supply Depot  
  86  6:19  SCV  
  86  6:21  Marine x2  
  86  6:22  Marauder x2  
  86  6:24  SCV x2  
  86  6:25  Medivac x2  
  99  6:30  Refinery  
  99  6:31  SCV  
  100  6:35  Supply Depot  
  100  6:36  SCV  
  100  6:37  SCV  
  102  6:41  Supply Depot  
  102  6:43  Barracks Reactor, Barracks Tech Lab  
  102  6:44  SCV, Supply Depot  
  102  6:45  Marauder x2  
  102  6:46  Marine x2  
  109  6:53  Armory  
  109  6:57  SCV x3  
  112  7:03  Refinery  
  112  7:04  Marine  
  112  7:05  Marine  
  112  7:06  Marine, Marauder x2, Medivac x2  
  123  7:09  SCV x2  
  125  7:21  Siege Tank, Marine  
  129  7:23  Marine  
  129  7:24  Marauder  
  129  7:25  Marine  
  129  7:26  Command Center  
  129  7:29  Supply Depot  
  133  7:33  Supply Depot  
  133  7:37  Supply Depot  
  133  7:44  Missile Turret  
  133  7:47  Missile Turret  
  133  7:48  Missile Turret  
  133  7:50  Marine x4  
  133  7:51  Missile Turret, Marauder x2  
  141  7:54  Ghost Academy  
  141  7:59  Starport  
  141  8:06  Missile Turret  
  141  8:07  Siege Tank  
  141  8:08  Marauder  
  141  8:10  Marine x3  
  149  8:16  Supply Depot  
  149  8:19  Supply Depot x2  
  149  8:33  Ghost x2  
  155  8:34  Ghost  
  155  8:35  Marine x2  
  155  8:36  Supply Depot  
  155  8:37  Marine  
  158  8:43  Personal Cloaking  
  158  8:46  Siege Tank  
  161  9:00  Supply Depot  
  161  9:01  Supply Depot  
  161  9:02  Planetary Fortress  
  161  9:03  SCV  
  161  9:04  Missile Turret, SCV  
  161  9:07  Supply Depot  
  163  9:11  SCV  
  163  9:13  Ghost x2  
  163  9:15  SCV  
  169  9:19  Starport Reactor  
  169  9:21  Sensor Tower  
  169  9:28  Starport  
  169  9:31  Liberator  
  167  9:32  Missile Turret, Refinery, Liberator  
  167  9:33  Missile Turret  
  167  9:34  Refinery  
  167  9:35  Missile Turret  
  167  9:40  Barracks x2  
  167  9:41  Barracks  
  173  9:59  SCV x2, Liberator x2  
  175  10:00  SCV  
  176  10:11  SCV  
  177  10:15  Starport Tech Lab  
  177  10:17  Ghost x2  
  187  10:29  Barracks Tech Lab x3  
  130  10:50  Marine x3, Marauder x2  
  130  10:51  Marine, Marauder x4  
  97  11:08  Marine x4  
  101  11:12  Marine  
  101  11:13  Command Center  
  101  11:15  Command Center  
Show
View Real Time Build Order
Export as new Build Order

IIIIIIIIIIII Protoss - Winner!

Build Orders: 1 Gate Expand, Double Forge, Blink Stalkers 

Get SALT Encoding   

  12  0:00  Probe  
  13  0:12  Probe  
  14  0:17  Pylon  
  14  0:24  Probe  
  15  0:32  Probe  
  15  0:39  Gateway  
  15  0:40  Probe  
  16  0:46  Assimilator  
  17  0:51  Probe  
  18  1:03  Probe  
  19  1:15  Probe  
  20  1:27  Cybernetics Core  
  20  1:37  Nexus  
  20  1:40  Pylon  
  20  1:42  Probe  
  21  1:49  Assimilator  
  21  1:54  Adept  
  21  1:55  Probe  
  22  2:05  Warp Gate  
  22  2:07  Probe  
  25  2:15  Sentry  
  25  2:19  Probe  
  27  2:31  Probe  
  28  2:40  Stalker  
  28  2:43  Probe  
  31  2:45  Probe  
  31  2:50  Twilight Council  
  32  2:53  Probe  
  32  2:55  Probe  
  32  2:57  Blink  
  34  3:03  Probe  
  35  3:06  Gateway  
  35  3:07  Probe  
  36  3:15  Probe  
  36  3:19  Probe  
  38  3:27  Probe  
  38  3:31  Probe  
  40  3:38  Pylon  
  40  3:39  Probe  
  41  3:43  Probe  
  41  3:46  Assimilator  
  42  3:50  Pylon  
  42  3:51  Probe  
  43  3:56  Probe  
  43  3:57  Stalker  
  43  3:59  Pylon  
  46  4:04  Probe  
  46  4:08  Probe  
  48  4:16  Probe, Nexus  
  49  4:17  Pylon  
  49  4:20  Probe  
  50  4:28  Probe, Forge  
  50  4:29  Forge  
  51  4:33  Stalker  
  51  4:35  Sentry  
  55  4:43  Robotics Facility  
  55  4:44  Protoss Ground Armor Level 1, Protoss Ground Weapons Level 1  
  55  4:47  Probe  
  55  4:48  Probe, Charge  
  58  5:00  Probe x2  
  59  5:07  Gateway  
  59  5:08  Gateway  
  59  5:11  Stalker, Sentry  
  63  5:25  Gateway  
  63  5:27  Gateway x2  
  63  5:34  Probe  
  63  5:36  Observer  
  63  5:37  Probe x2  
  63  5:42  Probe  
  67  5:46  Stalker x2  
  67  5:49  Probe x2  
  74  5:51  Probe  
  74  5:55  Pylon  
  75  6:00  Observer  
  75  6:01  Probe x2  
  75  6:04  Probe  
  79  6:06  Zealot x2  
  83  6:13  Probe x2  
  83  6:14  Pylon  
  83  6:16  Probe  
  83  6:18  Pylon x2  
  86  6:22  Zealot x3, Pylon  
  86  6:25  Probe x2  
  94  6:34  Probe  
  94  6:37  Assimilator, Protoss Ground Weapons Level 2, Probe  
  94  6:38  Assimilator  
  96  6:41  Templar Archives  
  96  6:42  Zealot x3  
  96  6:45  Immortal  
  106  6:47  Protoss Ground Armor Level 2  
  106  6:52  Stalker  
  108  6:58  Probe x3  
  111  7:09  Zealot x4  
  111  7:13  Probe x3  
  122  7:21  Psionic Storm  
  122  7:22  Zealot  
  124  7:24  Pylon, Gateway  
  124  7:27  Gateway  
  124  7:30  Pylon  
  124  7:33  High Templar  
  124  7:34  Warp Prism  
  128  7:40  Zealot x2  
  132  7:45  Zealot  
  132  7:46  Zealot  
  132  7:48  High Templar  
  132  7:50  High Templar  
  140  7:59  Probe x2  
  140  8:00  Probe  
  140  8:02  Nexus  
  140  8:03  High Templar  
  145  8:05  Zealot  
  145  8:06  Zealot  
  145  8:11  Pylon  
  149  8:14  Pylon  
  149  8:15  Assimilator  
  149  8:16  Pylon  
  149  8:22  Gateway  
  149  8:25  Gateway  
  149  8:35  Pylon  
  149  8:36  Pylon  
  149  8:39  Observer  
  149  8:46  Stalker x3  
  155  8:49  High Templar x2  
  155  8:51  High Templar  
  155  8:54  Observer  
  161  9:05  Zealot x3  
  167  9:11  Warp Prism  
  163  9:26  Photon Cannon  
  163  9:30  Photon Cannon, Shield Battery  
  161  9:31  Pylon  
  161  9:35  High Templar x2, Zealot x2  
  161  9:36  Zealot x5  
  161  9:37  Zealot x2  
  183  9:40  Archon  
  183  9:46  Photon Cannon, Shield Battery  
  183  9:48  Photon Cannon x2  
  183  9:55  Photon Cannon  
  183  9:56  Shield Battery  
  183  9:58  Photon Cannon  
  183  9:59  Photon Cannon  
  183  10:06  Observer  
  183  10:13  Robotics Facility  
  183  10:14  Robotics Bay  
  183  10:15  Nexus, Pylon  
  183  10:17  Stalker x2  
  183  10:21  Stalker  
  189  10:31  Stalker x2  
  189  10:32  Stalker  
  189  10:33  Stalker  
  159  10:54  Archon  
  159  10:55  Archon x2  
  151  11:00  Stalker x4  
  151  11:01  Stalker, Zealot x3  
  151  11:02  Zealot  
  151  11:03  Zealot  
Tags
 
Add a new tag
Caveats
  • Supply blocks, unpowered buildings, or Contaminate may cause inaccurate times.
  • Supply counts are checked every 10 seconds.